 Dungeon Crawl Stone Soup version 0.24.0-125-gc4c63601f3 (webtiles) character file.

Game seed: 6247769086476833262, levelgen mode: deterministic

211 Frank2 the Cudgeler (level 5, -4/39 HPs)
             Began as a Demonspawn Gladiator on Feb 29, 2020.
             Was a Follower of Ru.
             Slain by an orc
             ... wielding a +0 trident
              (8 damage)
             ... on level 3 of the Dungeon.
             The game lasted 00:04:54 (3430 turns).

Frank2 the Cudgeler (Demonspawn Gladiator)          Turns: 3430, Time: 00:04:55

Health: -4/39      AC:  4    Str: 14    XL:     5   Next: 57%
Magic:  5/5        EV: 13    Int: 10    God:    Ru [*.....]
Gold:   91         SH:  0    Dex: 15    Spells: 4/4 levels left

rFire    . . .     SeeInvis .   a - +0 flail
rCold    . . .     Gourm    .   (no shield)
rNeg     . . .     Faith    .   b - +0 leather armour
rPois    .         Spirit   .   c - +0 helmet
rElec    .         Reflect  .   (no cloak)
rCorr    .         Harm     .   (no gloves)
MR       .....                  (no boots)
Stlth    +.........             (no amulet)
HPRegen  0.13/turn              (no ring)
MPRegen  0.09/turn              (no ring)

@: no status effects
A: hooves 1, spiny 1, no charms magic, no earth magic, no hexes magic
a: Renounce Religion


You were on level 3 of the Dungeon.
You worshipped Ru.
Ru was aware of your devotion.
You were very hungry.

You visited 1 branch of the dungeon, and saw 3 of its levels.

You collected 91 gold pieces.

Inventory:

Hand Weapons
 a - a +0 flail (weapon)
Armour
 b - a +0 leather armour (worn)
 c - a +0 helmet (worn)
Jewellery
 h - an uncursed ring of flight
 i - a cursed +3 ring of intelligence {unknown}
Scrolls
 e - 3 scrolls of teleportation
 g - 2 scrolls of remove curse
 l - a scroll of magic mapping {unknown}
Potions
 j - a potion of brilliance {unknown}
 k - a potion of flight
 m - a potion of curing
 n - a potion of ambrosia {unknown}
Comestibles
 f - 7 rations


   Skills:
 + Level 2.7 Fighting
 + Level 4.3 Maces & Flails
 - Level 1.7 Throwing
 + Level 2.0 Armour
 + Level 3.5 Dodging


You had 4 spell levels left.
You didn't know any spells.
Your spell library was empty.

Dungeon Overview and Level Annotations

Branches:
Dungeon (3/15)

Altars:
Okawaru
Ru
Uskayaw
Wu Jian
Yredelemnul


Innate Abilities, Weirdness & Mutations

You have large cloven feet.
You are partially covered in sharp spines.
You cannot study or cast Charms magic.
You cannot study or cast Earth magic.
You cannot study or cast Hexes magic.


Message History

The orc is heavily wounded.
The orc barely misses you.
The orc hits you with a +2 trident of distortion.
* * * LOW HITPOINT WARNING * * *
Space bends around you.
* * * LOW HITPOINT WARNING * * *
The orc completely misses you.
Throwing (i - inventory)
d - a throwing net (quivered)
Press: ? - help, Shift-Dir - straight line, f - orc
Aim: an orc, wielding a +2 trident of distortion and wearing a +0 ring mail (heavily wounded)
You throw a throwing net. The throwing net hits the orc.
The orc is caught in the net!
The orc is heavily wounded.
You sock the orc!
You kill the orc!
You are feeling very hungry.
The orc hits you from afar with a +0 trident.
* * * LOW HITPOINT WARNING * * *
The orc hits you with a +0 trident!
You die...

#.# # #.# # #### #.#### # ...#
#....### ##.# ###########
#....'.. #.# #.........# #....###
#.# #.........# #....#
##.###.........###########....###
#>...'.........'@oo.....†o.......
...###.........###############..(
#.## #.........# #.).
#.####.........###############o##
#..............'.....†)ohhohh....
......)........###############'##
#.####.........# #........h #.#
#.........# #......... #.#
#.........####### #........h


You could see 2 orcs.

Vanquished Creatures
  An orc wizard (D:2)
  Jessica (D:3)
  3 gnolls (D:2)
  7 adders
  An ooze (D:2)
  3 worms
  A dart slug (D:2)
  3 leopard geckos
  4 orcs
  2 ball pythons
  2 giant cockroaches (D:3)
  2 goblins
  5 hobgoblins
  5 kobolds
  A quokka (D:2)
  7 bats
  A frilled lizard (D:2)
  4 rats
53 creatures vanquished.

Notes
Turn   | Place    | Note
-------+----------+-------------------------------------------
     0 | D:1      | Frank2 the Demonspawn Gladiator began the quest for the
                  | Orb.
     0 | D:1      | Reached XP level 1. HP: 16/16 MP: 1/1
   658 | D:1      | Gained mutation: You have large cloven feet. [demonic
                  | ancestry]
   658 | D:1      | Reached XP level 2. HP: 22/22 MP: 2/2
   787 | D:2      | Reached skill level 3 in Maces & Flails
  1025 | D:2      | Found an ornate altar of the Wu Jian Council.
  1027 | D:2      | Found a hide-covered altar of Uskayaw.
  1030 | D:2      | Found a sacrificial altar of Ru.
  1077 | D:2      | Became a worshipper of Ru the Awakened
  1150 | D:2      | Reached XP level 3. HP: 17/27 MP: 3/3
  1261 | D:2      | Reached skill level 1 in Armour
  1455 | D:2      | Gained mutation: You are partially covered in sharp spines.
                  | [demonic ancestry]
  1455 | D:2      | Reached XP level 4. HP: 15/33 MP: 4/4
  1631 | D:2      | Found a basalt altar of Yredelemnul.
  2053 | D:2      | Found an iron altar of Okawaru.
  2571 | D:3      | Noticed Jessica
  2579 | D:3      | Killed Jessica
  2579 | D:3      | Reached skill level 4 in Maces & Flails
  2776 | D:3      | Reached XP level 5. HP: 39/39 MP: 5/5
  3353 | D:3      | Gained mutation: You cannot study or cast Earth magic. [Ru
                  | sacrifice]
  3353 | D:3      | Gained mutation: You cannot study or cast Hexes magic. [Ru
                  | sacrifice]
  3353 | D:3      | Gained mutation: You cannot study or cast Charms magic. [Ru
                  | sacrifice]
  3353 | D:3      | Reached * piety under Ru
  3430 | D:3      | Slain by an orc

Levels and vault maps discovered:
D:1:      dpeg_arrival_castle, layout_loops_corners,
          chequers_serial_rivers_micro_d
D:2:      layout_basic, lemuel_coloured_pillars_altar, lemuel_doored_altar,
          grunt_temple_overflow_diamond, first_ration
D:3:      layout_basic, uniq_jessica

Skill      XL: |  1  2  3  4  5 |
---------------+----------------+-----
Maces & Flails | 3 4 |  4.3
Dodging        | 3 |  3.5
Armour         | 1 2 |  2.0
Fighting       | |  2.7
Throwing       | |  1.7

Action                   |  1- 3 |  4- 6 || total
-------------------------+-------+-------++-------
Melee: Flail             |    93 |    72 ||   165
       Kick              |    15 |    15 ||    30
Throw: Throwing net      |     3 |     1 ||     4
Invok: Sacrifice Arcana  |       |     1 ||     1
  Use: Scroll            |     4 |     1 ||     5
       Potion            |     2 |       ||     2
 Stab: Sleeping          |     1 |       ||     1
  Eat: Chunk             |     2 |     5 ||     7
Armor: Leather armour    |    37 |    10 ||    47
Dodge: Dodged            |    82 |    80 ||   162
